 Dungeon Crawl Stone Soup version 0.30-a0-371-gad7725a93e (webtiles) character file.

Game seed: 1715138170799649447

195 bande the Covered (level 5, -4/33 HPs)
             Began as a Gargoyle Fighter on Nov 22, 2022.
             Slain by a gnoll
             ... wielding a +0 halberd
              (7 damage)
             ... on level 3 of the Dungeon.
             The game lasted 00:03:56 (1935 turns).

bande the Covered (Gargoyle Fighter)                Turns: 1935, Time: 00:03:57

Health: -4/33      AC: 15    Str: 19    XL:     5   Next: 74%
Magic:  5/5        EV:  7    Int:  9    God:
Gold:   183        SH:  4    Dex: 11    Spells: 4/4 levels left

rFire   . . .      SeeInvis .    a - +0 war axe
rCold   . . .      Faith    .    c - +0 buckler
rNeg    + . .      Spirit   .    k - +0 chain mail
rPois   ∞          Reflect  .    (no helmet)
rElec   +          Harm     .    h - +1 cloak
rCorr   .          Rampage  .    (no gloves)
Will    .....                    (no boots)
Stlth   ..........               (no amulet)
HPRegen 0.25/turn                (no ring)
MPRegen 0.09/turn                (no ring)

@: studying Shields
A: sickness immunity, AC +4, negative energy resistance 1, electricity
resistance, torment resistance 1, petrification resistance
a: no special abilities


You were on level 3 of the Dungeon.
You visited 1 branch of the dungeon, and saw 3 of its levels.

You collected 183 gold pieces.

Inventory:

Hand Weapons
 a - a +0 war axe (weapon)
Armour
 c - a +0 buckler (worn)
 h - a +1 cloak (worn)
 k - a +0 chain mail (worn)
Scrolls
 b - 3 scrolls of identify
Potions
 d - 2 potions of might
 e - a potion of flight
 f - a potion of heal wounds
 g - a potion of mutation
 i - a potion of berserk rage {unknown}
 l - a potion of magic {unknown}
 n - a potion of attraction {unknown}


   Skills:
 + Level 4.2 Fighting
 + Level 3.9 Axes
 + Level 4.2 Armour
 + Level 3.8 Shields


You had 4 spell levels left.
You didn't know any spells.
Your spell library contained the following spells:

 Spells                   Type           Power      Damage    Failure   Level
 Apportation              Tloc           0%         N/A       99%         1
 Necrotise                Necr           0%         1d4       99%         1
 Summon Small Mammal      Summ           0%         N/A       99%         1


Dungeon Overview and Level Annotations

Branches:
Dungeon (3/15)

Altars:
Gozag


Innate Abilities, Weirdness & Mutations

You are immune to sickness and miasma.
Your stone body is resilient. (AC +4)
You are immune to poison.
You resist negative energy. (rN+)
You are resistant to electric shocks. (rElec)
You are resistant to unholy torment.
You are immune to petrification.


Message History

You barely miss the gnoll. The jackal closely misses you.
The gnoll hits you but does no damage. x2; You block the jackal's attack.
You hit the gnoll.
The gnoll is heavily wounded.
You hit the gnoll. You barely miss the jackal. You block the gnoll's attack.
The gnoll closely misses you. The jackal closely misses you.
The jackal bites you but does no damage. x2
The gnoll closely misses you. The gnoll completely misses you.
You barely miss the gnoll.
The gnoll is heavily wounded.
You closely miss the jackal. You hit the gnoll. You hit the jackal.
The jackal bites you but does no damage. x2
The gnoll hits you but does no damage. x2; The jackal closely misses you.
You block the jackal's attack.
Unknown command.
You hit the gnoll.
The gnoll is severely wounded.
You barely miss the jackal. You slash the jackal!
You kill the jackal!
You hit the gnoll. The gnoll hits you but does no damage.
The gnoll hits you with a +0 halberd.
The jackal bites you but does no damage.
You closely miss the gnoll.
The gnoll is heavily wounded.
You barely miss the gnoll. You hit the jackal. The jackal bites you.
The gnoll barely misses you. The gnoll hits you with a +0 halberd!
* * * LOW HITPOINT WARNING * * *
The jackal closely misses you. The gnoll hits you but does no damage.
You block the gnoll's attack.
You barely miss the gnoll.
The gnoll is severely wounded.
You slash the gnoll!
You kill the gnoll!
You hit the jackal.
You kill the jackal!
The gnoll completely misses you.
You hit the gnoll.
The gnoll is almost dead.
The gnoll hits you with a +0 halberd!
You die...

.....#####.##..[..........#......
...... #....+.............#......
...#.# #.#.##.....#.......#......
##.#.# #.#.##.....#.......#......
..... # #.##.....#.##'####......
## #. #.########.##.# #......
#..........##.# #......
#.......†.....####......
#.....g@...#.....###+###
#.....)††..##.##.....###
...........##.#####...##
..............# ##....
##............######....
.....................#..
........#.....########..
........####### ##. #.


You could see a gnoll.

Vanquished Creatures
  An iguana (D:3)
  Terence (D:3)
  5 gnolls
  An adder (D:3)
  4 dart slugs
  3 orcs (D:3)
  7 ball pythons
  4 endoplasms
  3 giant cockroaches
  5 hobgoblins
  5 jackals (D:3)
  3 quokkas (D:1)
  6 bats
  4 frilled lizards
  11 goblins
  6 kobolds
  4 rats
73 creatures vanquished.

Notes
Turn   | Place    | Note
-------+----------+-------------------------------------------
     0 | D:1      | bande the Gargoyle Fighter began the quest for the Orb.
     0 | D:1      | Reached XP level 1. HP: 14/14 MP: 1/1
    80 | D:1      | Reached XP level 2. HP: 19/19 MP: 2/2
   655 | D:1      | Reached XP level 3. HP: 22/23 MP: 3/3
   874 | D:2      | Found an opulent altar of Gozag.
   902 | D:2      | Found a faded altar of an unknown god.
   920 | D:2      | HP: 1/24 [gnoll/+0 halberd (4)]
   925 | D:2      | HP: 1/24 [gnoll/+0 halberd (6)]
   929 | D:2      | Reached XP level 4. HP: 12/29 MP: 4/4
  1474 | D:3      | Identified a scroll of acquirement
  1474 | D:3      | Acquired a manual of Shields
  1554 | D:3      | Reached XP level 5. HP: 26/33 MP: 5/5
  1617 | D:3      | Noticed Terence
  1635 | D:3      | Killed Terence
  1935 | D:3      | Slain by a gnoll

Illustrated notes

Levels and vault maps discovered:
D:1:      ncdulo_watergridlock, layout_basic, minmay_pentomino_r4
D:2:      layout_rooms, basic_altar, shapermc_ecumenical_altar_venn,
          nrook_campfire, minmay_cut_off
D:3:      layout_basic, minmay_misc_feat_diagonals, uniq_terence, uniq_sigmund

Skill      XL: |  1  2  3  4 |
---------------+-------------+-----
Axes           | 2 3 |  3.9
Armour         | 4 |  4.2
Fighting       | 4 |  4.2
Shields        | |  3.8

Action                   |  1- 3 |  4- 6 || total
-------------------------+-------+-------++-------
Melee: War axe           |    87 |   116 ||   203
  Use: Scroll            |     2 |     6 ||     8
       Potion            |     2 |       ||     2
 Stab: Distracted        |       |     1 ||     1
Armor: Scale mail        |    55 |       ||    55
       Chain mail        |    23 |    90 ||   113
Dodge: Dodged            |    45 |    45 ||    90
Block: Buckler           |    20 |    27 ||    47

Table legend: (Time is in decaauts)
 A = Elapsed time spent in this place.
 B = Non-inter-level travel time spent in this place.
 C = Inter-level travel time spent in this place.
 D = Time resting spent in this place.
 E = Time spent auto-exploring this place.
 F = Levels seen in this place.
 G = Mean time per level.
                   A        B        C        D        E       F      G
               +--------+--------+--------+--------+--------+-----+--------+
         Total |   2016 |   2016 |      0 |    193 |   1245 |   3 |  672.0 |
       Dungeon |   2016 |   2016 |      0 |    193 |   1245 |   3 |  672.0 |
               +--------+--------+--------+--------+--------+-----+--------+

Top non-repeatable levels by time:
     D:1: 797 daAuts
     D:2: 730 daAuts
     D:3: 488 daAuts
